 Dungeon Crawl Stone Soup version 0.30.0-5-g1a98f26d00 (webtiles) character file.

Game seed: 12318122022591606005

1801390 kuniqs the Axe Maniac (level 23, 240/240 HPs)
             Began as a Minotaur Berserker on May 11, 2023.
             Was the Champion of Trog.
             Escaped with the Orb
             ... and 3 runes!
             The game lasted 00:48:53 (54524 turns).

kuniqs the Axe Maniac (Minotaur Berserker)         Turns: 54524, Time: 00:48:54

Health: 240/240    AC: 55    Str: 31    XL:     23   Next: 90%
Magic:  7/22       EV: 29    Int:  3    God:    Trog [******]
Gold:   3192       SH:  0    Dex: 26    Spells: 22/22 levels left

rFire   + + .        t - +8 executioner's axe (flame)
rCold   + . .        (shield currently unavailable)
rNeg    . . .        o - +12 gold dragon scales
rPois   +            C - +2 hat of the Bear Spirit {Spirit, Bear, *Rage Will++}
rElec   +            T - +4 dragonskin cloak
rCorr   +            f - +3 Mad Mage's Maulers {Infuse+∞ VampMP -Cast}
SInv    +            n - +0 pair of boots of Zealous Life {rElec rPois}
Will    ++++.        h - amulet "Tifick" {Regen+ Str+6 Slay-2 SInv} Stlth
                     U - ring of Royalty {rF+ rCorr Dex+5}
HPRegen 1.40/turn    O - +5 ring of evasion
MPRegen 0.18/turn

%: no spellcasting, random rage (23%), guardian spirit, infuse magic (7 MP)
@: studying Evocations
A: horns 2, retaliatory headbutt, iridescent scales 1, camouflage 1, agile 1,
berserk 1, strong-willed 1, poison resistance, inability to read after injury 1
0: Orb of Zot
}: 3/15 runes: barnacled, slimy, gossamer
a: Renounce Religion, Berserk, Trog's Hand, Brothers in Arms


You escaped.
You worshipped Trog.
Trog was exalted by your worship.
You visited 8 branches of the dungeon, and saw 44 of its levels.
You also visited: Bailey and Gauntlet.

You collected 6887 gold pieces.
You spent 3695 gold pieces at shops.

Inventory:

Hand Weapons
 j - a +3 executioner's axe
 t - a +8 executioner's axe of flaming (weapon)
 I - a +4 antimagic battleaxe
 S - the +4 mace "Zaecuyma" {pain, Will+}
   (You found it on level 2 of the Realm of Zot)

   Will:      It increases your willpower.
   Trog disapproves of the use of such an item.
 X - the +2 battleaxe of Indomitability {holy, rPois rC+}
   (You found it on level 5 of the Pits of Slime)

   rC:        It protects you from cold.
   rPois:     It protects you from poison.
Missiles
 r - 10 throwing nets (quivered)
Armour
 f - the +3 Mad Mage's Maulers (worn) {Infuse+∞ VampMP -Cast}
   (You found it on level 4 of the Shoals)

   Infuse+∞: It empowers its wearer's blows with all of their magic.
   VampMP:    Blows struck in melee replenish the wearer's magic.
   -Cast:     It prevents spellcasting.
 n - the +0 pair of boots of Zealous Life (worn) {rElec rPois}
   (You bought it in a shop on level 3 of the Depths)

   rElec:     It insulates you from electricity.
   rPois:     It protects you from poison.
 o - +12 gold dragon scales (worn)
 C - the +2 hat of the Bear Spirit (worn) {Spirit, Bear, *Rage Will++}
   (You bought it in a shop on level 3 of the Dungeon)

   Bear:      Going berserk makes the wearer exceptionally tough, and they are
   slowed for a shorter time afterward.
   *Rage:     It berserks you when you make melee attacks (+20% chance).
   Will:      It greatly increases your willpower.
 T - the +4 dragonskin cloak (worn)
   (You took it off Tiamat on level 2 of the Realm of Zot)

   Avatar's Aegis: It grants the wearer a chance to resist fire, cold, poison,
   electricity, acid, and negative energy.
Jewellery
 a - a +4 ring of protection
 c - a ring of protection from cold
 h - the amulet "Tifick" (around neck) {Regen+ Str+6 Slay-2 SInv}
   (You acquired it on level 5 of the Realm of Zot)

   [amulet of regeneration]

   Str:       It affects your strength (+6).
   Slay:      It affects your accuracy & damage with ranged weapons and melee
   (-2).
   SInv:      It lets you see invisible.
   Regen:     It increases your rate of health regeneration.
 s - the ring of the Clam {Will+ Str+4 SInv}
   (You found it on level 2 of the Spider Nest)

   [ring of see invisible]

   Str:       It affects your strength (+4).
   SInv:      It lets you see invisible.
   Will:      It increases your willpower.
 F - a ring of positive energy
 K - a ring of protection from fire
 O - a +5 ring of evasion (right hand)
 R - the amulet "Zofao" {Regen+ Int+2}
   (You bought it in a shop on level 2 of the Dungeon)

   [amulet of regeneration]

   Int:       It affects your intelligence (+2).
   Regen:     It increases your rate of health regeneration.
 U - the ring of Royalty (left hand) {rF+ rCorr Dex+5}
   (You took it off a hell knight on level 2 of the Depths)

   [ring of protection from fire]

   Dex:       It affects your dexterity (+5).
   rF:        It protects you from fire.
   rCorr:     It protects you from acid and corrosion.
 W - an amulet of reflection
 Y - a ring of resist corrosion
Wands
 m - a wand of flame (129)
 u - a wand of quicksilver (41)
 L - a wand of paralysis (49)
 M - a wand of mindburst (20)
 P - a wand of roots (30)
 Z - a wand of digging (8)
Scrolls
 g - 2 scrolls of poison
 i - 19 scrolls of teleportation
 k - 4 scrolls of fog
 x - 6 scrolls of blinking
 y - 4 scrolls of summoning
 z - 3 scrolls of enchant armour
 E - 16 scrolls of immolation
 N - 10 scrolls of fear
 Q - a scroll of silence
Potions
 b - 9 potions of ambrosia
 d - 4 potions of invisibility
 e - 11 potions of curing
 q - 6 potions of berserk rage
 v - 11 potions of heal wounds
 w - a potion of mutation
 A - 12 potions of might
 B - 12 potions of lignification
 D - 4 potions of flight
 G - 4 potions of haste
 H - 5 potions of cancellation
 J - 10 potions of resistance
 V - 7 potions of attraction
Miscellaneous
 l - a phial of floods
 p - a lightning rod (4/4)


   Skills:
 O Level 27 Fighting
 O Level 27 Axes
 + Level 25.0 Armour
 + Level 23.2 Dodging


You had 22 spell levels left.
You didn't know any spells.
Your spell library was empty.

Dungeon Overview and Level Annotations

Branches:
Dungeon (15/15)            Temple (0/1) D:5            Lair (5/5) D:10
 Shoals (4/4) Lair:2       Spider (4/4) Lair:3        Slime (5/5) Lair:4
    Orc (2/2) D:12            Elf (0/3) Orc:2        Vaults (0/5) D:13
 Depths (4/4) D:15            Zot (5/5) Depths:4     Bailey (visited)
Gauntlet (visited)

Altars:
Ashenzari
Cheibriados
Dithmenos
Elyvilon
Fedhas
Hepliaklqana
Kikubaaqudgha
Nemelex Xobeh
Okawaru
Ru
Sif Muna
Wu Jian
The Shining One
Jiyva

Shops:
D:1 !   D:2 =   D:3 *   D:4 [   Orc:2 *:[(   Shoals:3 !   Depths:3 :[[(?
Depths:4 ![(=[

Portals:
Hell: Depths:1 Depths:2 Depths:3 Depths:4
Abyss: Depths:3 Depths:4
Pandemonium: Depths:2
Ziggurat: Depths:1
Trove: Depths:2 (give +6 ice dragon scales)

Annotations:
D:10 3 runed translucent doors, Cerghea's ghost, journeyman SpBr; Cimir's ghost, journeyman OpFE; MackTheFife's ghost, journeyman CeHu; irqconflict's ghost, novice DrCj; reggie's ghost, journeyman CeHu
D:13 3 runed translucent doors, Jarnaxa's ghost, journeyman HOMo


Innate Abilities, Weirdness & Mutations

You have a pair of horns on your head.
You reflexively headbutt those who attack you in melee.
You are partially covered in iridescent scales. (AC +2)
Your skin changes colour to match your surroundings (Stealth+).
You are agile. (Dex +4, Str/Int -1)
You sometimes lose your temper in combat.
You are strong-willed. (Will+)
Your system is resistant to poisons. (rPois)
You occasionally lose the ability to read scrolls when taking damage.


Message History

The Orb Guardian is severely wounded.
The Orb Guardian barely misses you.
You open the Orb Guardian like a pillowcase!!!
You burn the Orb Guardian.
You kill the Orb Guardian!
Trog accepts your kill.
No target in view!
No target in view!
(D) Dungeon (T) Temple (L) Lair (A) Shoals (N) Spider Nest (M) Slime Pits (O) Orcish Mines (E) Elven Halls (V) Vaults (U) Depths (H) Hell (Z) Zot
Where to? (Enter - D:1, ? - help)
You can read scrolls again.
You recover from your berserk rage.
You feel the effects of Trog's Hand fading.
Your skin stops crawling.
You feel less strong-willed.
There is a stone staircase leading down here.
HP restored.
There is a stone staircase leading up here.
You climb upwards.
There is a stone staircase leading down here.
There is a stone staircase leading up here.
You climb upwards.
There is a stone staircase leading down here.
You see here a +0 club.
Magic restored.
An orange demon comes into view.
The orange demon screeches!
The orange demon closely misses you. You furiously retaliate!
You headbutt the orange demon! The orange demon hits you.
You carve the orange demon like a ham!!!!
You burn the orange demon!!
You kill the orange demon!
Trog accepts your kill.
No target in view!
No target in view!
No target in view!
No target in view!
There is a staircase leading out of the dungeon here.
You have escaped!

### ####..........##.###.....##
#(## ##.........##.# #####..#
#..# ####.[.....#.# #......>
...### ###.....#.# #.#####.
#....######## ####..#.# #.# #.
####...#....######...#.# #.### #.
###...##..#.......#.# #...# #.
#####............#.# #..>###.
###...[...###.@...##.# #.......
##.......####.....###.###.#.#...
#......### #...#### #.....#.#.##
##.....#####################.#...
.........##.............# #.#..#
########.##.###########.# #.#...
.......#.##.# #.# #.#...
########.##.# #.# #.#... #.##.#
#.# #.##..


There were no monsters in sight!

Vanquished Creatures
  the Royal Jelly (Slime:5)
  6 dread liches
  Tiamat (Zot:2)
  3 ancient liches
  5 orbs of fire
  A juggernaut (Depths:2)
  Mara (Spider:4)
  Josephina (Depths:3)
  3 Killer Klowns (Zot:5)
  Parghit (Depths:3)
  2 curse toes
  4 caustic shrikes (Depths:4)
  5 golden dragons
  The ghost of sefie the Phalangite, a veteran GrDe of Yredelemnul (Depths:4)
  A pandemonium lord (D:4)
  2 electric golems
  3 hellephants (Depths:4)
  19 tentacled monstrosities
  Mlioglotl (Spider:2)
  Rupert (Spider:1)
  23 Orb Guardians
  2 quicksilver dragons
  7 liches
  2 walking frostbound tomes
  Polyphemus (Shoals:2)
  15 acid blobs
  8 death cobs
  2 krakens (Shoals:1)
  7 tengu reavers
  16 storm dragons
  The ghost of iishen the Markscentaur, an adept CeHu of Okawaru (Spider:1)
  12 shadow dragons
  Ilsuiw (Shoals:3)
  6 frost giants
  4 azure jellies
  12 draconian knights
  10 draconian monks
  4 emperor scorpions
  4 rockslimes
  7 draconian scorchers
  2 fire giants
  7 draconian shifters
  4 ghost moths
  Louise (Spider:1)
  A spectral juggernaut (Depths:4)
  A cacodemon (Depths:4)
  3 quicksilver oozes
  2 broodmothers (Spider:4)
  A draconian stormcaller (Zot:5)
  11 very ugly things (Depths:1)
  A spriggan defender (Depths:4)
  12 stone giants
  2 vampire knights
  6 draconian annihilators
  8 green draconians
  7 white draconians
  Azrael (Spider:1)
  2 minotaurs
  14 yellow draconians
  11 spark wasps
  10 black draconians
  10 red draconians
  6 purple draconians
  A blizzard demon (D:4)
  11 ettins
  15 merfolk impalers
  A deep elf death mage (Depths:4)
  5 merfolk javelineers
  A rakshasa (Depths:2)
  3 entropy weavers
  6 fire dragons
  2 great orbs of eyes (Slime:5)
  5 hydras
  7 ice dragons
  Fannar (Lair:2)
  A hell beast (D:4)
  4 radroaches
  2 merfolk avatars
  A caustic shrike simulacrum (Depths:4)
  2 ogre magi (Orc:2)
  2 juggernaut simulacra
  6 merfolk aquamancers (Shoals:4)
  3 centaur warriors
  A jorogumo (Spider:4)
  3 catoblepae
  2 alligator snapping turtles (Shoals:3)
  9 spriggan air magi
  2 dancing weapons (D:13)
  7 tengu warriors
  11 boulder beetles
  3 deep troll earth magi
  4 deep troll shamans
  6 hell hogs (Depths:4)
  13 two-headed ogres
  8 death yaks
  Urug (Orc:1)
  A vampire mage (Depths:4)
  3 spriggan berserkers
  5 skysharks
  5 hell knights (Depths:2)
  8 skeletal warriors
  Nergalle (Lair:2)
  5 iron trolls
  A sun demon (Zot:4)
  2 sixfirhies
  A fire crab (Lair:5)
  Lodul (D:14)
  12 sea snakes
  5 pharaoh ants
  A sun moth (Spider:4)
  9 deep trolls
  7 orb spiders
  A flayed ghost (Depths:4)
  3 glowing orange brains
  A spriggan simulacrum (Depths:4)
  2 wizards
  An obsidian statue (Zot:5)
  9 harpies
  7 steelbarb worms
  4 necromancers
  A deep elf pyromancer (D:14)
  A spectral satyr (Shoals:3)
  2 oklob plants (Lair:3)
  A wolf spider (shapeshifter) (Depths:1)
  19 manticores
  19 wolf spiders
  10 fauns (Shoals:1)
  4 orc sorcerers
  A shining eye (Slime:5)
  42 ugly things
  8 cyclopes
  26 elephants
  Maurice (D:10)
  5 black mambas
  43 moths of wrath
  An apocalypse crab (Gauntlet)
  6 merfolk sirens
  3 molten gargoyles (Lair:5)
  A gargoyle (D:11)
  10 demonic crawlers
  10 water nymphs
  3 orange demons
  4 eyes of devastation
  Maggie (Lair:2)
  3 torpor snails
  12 cane toads
  2 unseen horrors
  6 rime drakes
  An efreet (D:9)
  3 kobold demonologists
  2 tormentors
  An ice devil (Depths:2)
  6 tengu conjurers
  A golden dragon simulacrum (Depths:3)
  11 komodo dragons
  A spectral water nymph (Shoals:3)
  A spectral merfolk (Shoals:3)
  3 wind drakes
  3 meliai (D:14)
  11 hornets
  4 polar bears
  A polar bear (shapeshifter) (D:14)
  11 trolls
  A shadow dragon simulacrum (Depths:4)
  A tengu simulacrum (Depths:3)
  8 blink frogs
  46 merfolk
  8 snapping turtles
  26 tarantellas
  29 jumping spiders
  Sigmund (D:2)
  7 dream sheep (Shoals:4)
  47 slime creatures
  4 air elementals (Shoals:4)
  3 shadows
  12 culicivoras
  2 wraiths
  36 yaks
  36 water elementals
  4 spriggans
  A centaur simulacrum (D:14)
  14 wyverns
  A fire elemental (Spider:1)
  2 alligator snapping turtle simulacra (Shoals:3)
  6 basilisks
  3 steam dragons
  2 vampire mosquitoes (D:14)
  41 redbacks
  3 wargs (Orc:2)
  2 swamp worms (Gauntlet)
  Edmund (D:5)
  A spectral snapping turtle (Shoals:3)
  3 acid dragons
  8 hell hounds
  15 water moccasins
  2 large abominations (Gauntlet)
  13 orc warriors
  7 black bears
  An ice beast (D:5)
  A sky beast (D:6)
  28 ogres
  18 wolves
  7 centaurs
  3 phantoms
  A kobold brigand (D:9)
  2 gnoll sergeants (D:9)
  9 bullfrogs
  A merfolk simulacrum (Shoals:3)
  3 scorpions
  8 wights (D:9)
  4 killer bees
  2 manticore simulacra (Shoals:3)
  11 electric eels
  4 howler monkeys
  10 lava snakes
  2 hounds
  2 jellies
  13 orc priests
  Crazy Yiuf (D:3)
  2 gnoll boudas
  6 small abominations (Gauntlet)
  Jessica (D:3)
  3 iguanas
  A sleepcap (D:8)
  19 orc wizards
  13 adders
  25 gnolls
  2 ufetubi (D:6)
  A worm (D:4)
  2 dart slugs
  83 orcs
  8 endoplasms
  3 giant cockroaches
  15 goblins
  A hobgoblin (D:1)
  9 jackals
  5 quokkas
  A ball python (D:3)
  9 bats
  2 frilled lizards (D:1)
  5 kobolds
  11 rats
  4 tentacles (Shoals:1)
1636 creatures vanquished.

Vanquished Creatures (collateral kills)
  A tentacled monstrosity (Zot:3)
  Agnes (D:14)
  The ghost of Tang the Devastator, an adept TeAE of Sif Muna (Shoals:3)
  A rockslime (Slime:5)
  A draconian stormcaller (Zot:3)
  A green draconian (Zot:3)
  A red draconian (Zot:3)
  An orc knight (Bailey)
  A manticore (D:14)
  A snapping turtle simulacrum (Shoals:3)
  4 gnolls (Bailey)
  An orc (Bailey)
15 creatures vanquished.

Vanquished Creatures (others)
  A golden dragon (Zot:5)
  A merfolk impaler (Shoals:3)
  A titan simulacrum (Depths:3)
  An orc wizard (Orc:1)
  An orc (D:10)
  8 tentacles (Shoals:1)
13 creatures vanquished.

Grand Total: 1664 creatures vanquished

Notes
Turn   | Place    | Note
-------+----------+-------------------------------------------
     0 | D:1      | kuniqs the Minotaur Berserker began the quest for the Orb.
     0 | D:1      | Reached XP level 1. HP: 19/19 MP: 0/0
   240 | D:1      | Reached XP level 2. HP: 25/27 MP: 1/1
   375 | D:1      | Found Xoalymm's Distillery.
   993 | D:2      | Noticed Sigmund
  1000 | D:2      | Killed Sigmund
  1001 | D:2      | Reached skill level 5 in Axes
  1001 | D:2      | Reached XP level 3. HP: 34/34 MP: 2/2
  1001 | D:2      | Reached XP level 4. HP: 41/41 MP: 3/3
  1001 | D:2      | Reached XP level 5. HP: 47/47 MP: 4/4
  1154 | D:2      | Reached ** piety under Trog
  1162 | D:2      | Found Ebamur's Jewellery Emporium.
  1254 | D:2      | Found a glowing golden altar of the Shining One.
  1578 | D:3      | Found a shadowy altar of Dithmenos.
  2116 | D:3      | Found a runed translucent door.
  2117 | D:3      | Noticed Crazy Yiuf
  2123 | D:3      | Killed Crazy Yiuf
  2124 | D:3      | Reached XP level 6. HP: 55/55 MP: 5/5
  2158 | D:3      | Noticed Jessica
  2164 | D:3      | Killed Jessica
  2220 | D:3      | Found Zouth's General Store.
  2238 | D:3      | Bought a potion of degeneration for 12 gold pieces
  2475 | D:4      | Reached *** piety under Trog
  2476 | D:4      | Reached skill level 5 in Fighting
  2994 | D:4      | Found Vushrogru's Antique Armour Emporium.
  3191 | D:5      | Entered Level 5 of the Dungeon
  3213 | D:5      | Noticed an ice beast
  3219 | D:5      | Killed an ice beast
  3220 | D:5      | Reached XP level 7. HP: 61/61 MP: 6/6
  3224 | D:5      | Found a staircase to the Ecumenical Temple.
  3301 | D:5      | Noticed Edmund
  3309 | D:5      | Killed Edmund
  3310 | D:5      | Reached skill level 5 in Armour
  3705 | D:5      | Found a sacrificial altar of Ru.
  3828 | D:5      | Reached skill level 5 in Dodging
  3883 | D:5      | Found an ornate altar of the Wu Jian Council.
  3884 | D:5      | Found a hazy altar of Hepliaklqana.
  3886 | D:5      | Found a broken altar of Ashenzari.
  3888 | D:5      | Found a shimmering blue altar of Sif Muna.
  3888 | D:5      | Found a snail-covered altar of Cheibriados.
  3907 | D:5      | Reached XP level 8. HP: 70/70 MP: 7/7
  4459 | D:6      | Found an iron altar of Okawaru.
  4604 | D:6      | Reached **** piety under Trog
  4616 | D:6      | Found a sparkling altar of Nemelex Xobeh.
  4756 | D:6      | Found a white marble altar of Elyvilon.
  5181 | D:7      | Found a flagged portal.
  5193 | Bailey   | Entered a bailey
  5417 | Bailey   | Noticed an orc knight
  5433 | Bailey   | Killed an orc knight
  5434 | Bailey   | Reached skill level 10 in Axes
  5434 | Bailey   | Reached XP level 9. HP: 66/79 MP: 8/8
  5661 | D:7      | Reached XP level 10. HP: 76/93 MP: 7/9
  5662 | D:7      | Reached skill level 10 in Fighting
  5662 | D:7      | Reached skill level 10 in Armour
  5662 | D:7      | Reached XP level 11. HP: 83/101 MP: 7/10
  5958 | D:7      | Noticed a boulder beetle
  5965 | D:7      | Noticed a purple ugly thing
  5975 | D:7      | Killed a boulder beetle
  5977 | D:7      | Killed a purple ugly thing
  5983 | D:7      | Reached skill level 15 in Axes
  6965 | D:8      | Reached skill level 10 in Dodging
  7260 | D:8      | Reached ***** piety under Trog
  7732 | D:8      | Gained mutation: You are partially covered in large bone
                  | plates. (SH +4) [potion of mutation]
  7732 | D:8      | Gained mutation: You are partially covered in iridescent
                  | scales. (AC +2) [potion of mutation]
  7732 | D:8      | Gained mutation: You are resistant to electric shocks.
                  | (rElec) [potion of mutation]
  8078 | D:9      | Noticed a two-headed ogre
  8085 | D:9      | Killed a two-headed ogre
  8168 | D:9      | Noticed a two-headed ogre
  8173 | D:9      | Killed a two-headed ogre
  8239 | D:9      | Reached XP level 12. HP: 110/110 MP: 11/11
  8308 | D:9      | Noticed a boulder beetle
  8331 | D:9      | Killed a boulder beetle
  8733 | D:3      | Bought the +2 hat of the Bear Spirit {Spirit, Bear, *Rage
                  | Will++} for 418 gold pieces
  8733 | D:3      | Found the +2 hat of the Bear Spirit {Spirit, Bear, *Rage
                  | Will++}
  9046 | D:9      | Noticed a two-headed ogre
  9049 | D:9      | Killed a two-headed ogre
  9562 | D:10     | Entered Level 10 of the Dungeon
  9821 | D:10     | Found a staircase to the Lair.
  9893 | D:10     | Noticed Maurice
  9899 | D:10     | Killed Maurice
  9918 | D:10     | Received a gift from Trog
 10005 | D:10     | Found an ancient bone altar of Kikubaaqudgha.
 10045 | D:10     | Noticed a two-headed ogre
 10050 | D:10     | Killed a two-headed ogre
 10571 | D:10     | Found a runed translucent gate.
 10572 | D:10     | Found a runed translucent gate.
 10572 | D:10     | Found a runed translucent gate.
 10573 | D:10     | Noticed Cimir's ghost (journeyman OpFE)
 10573 | D:10     | Noticed irqconflict's ghost (novice DrCj)
 10573 | D:10     | Noticed reggie's ghost (journeyman CeHu)
 10573 | D:10     | Noticed MackTheFife's ghost (journeyman CeHu)
 10573 | D:10     | Noticed Cerghea's ghost (journeyman SpBr)
 10945 | D:11     | Found a blossoming altar of Fedhas.
 10948 | D:11     | Noticed a two-headed ogre
 10955 | D:11     | Killed a two-headed ogre
 11335 | D:11     | Noticed a boulder beetle
 11358 | D:11     | Killed a boulder beetle
 11397 | D:11     | Reached XP level 13. HP: 89/119 MP: 8/12
 11793 | D:12     | Found a staircase to the Orcish Mines.
 13001 | D:13     | Found a gate to the Vaults.
 13023 | D:13     | Identified the +6 rapier "Ymegh" {flame, Fly}
 13359 | D:13     | Received a gift from Trog
 13875 | D:13     | Found a runed translucent gate.
 13875 | D:13     | Found a runed translucent gate.
 13876 | D:13     | Found a runed translucent gate.
 13876 | D:13     | Noticed an acid blob
 13878 | D:13     | Noticed an azure jelly
 13879 | D:13     | Noticed Jarnaxa's ghost (journeyman HOMo)
 13879 | D:13     | Noticed an azure jelly
 13879 | D:13     | Noticed an acid blob
 13880 | D:13     | Noticed a rockslime
 13881 | D:13     | Noticed a quicksilver ooze
 13908 | D:13     | Found a viscous altar of Jiyva.
 13908 | D:13     | Noticed an acid blob
 13908 | D:13     | Noticed an acid blob
 13908 | D:13     | Noticed an azure jelly
 13908 | D:13     | Noticed an acid blob
 13909 | D:13     | Noticed an azure jelly
 14396 | D:14     | Noticed Agnes
 14401 | D:14     | Killed Agnes
 14692 | D:14     | Reached XP level 14. HP: 130/130 MP: 13/13
 14916 | D:14     | Noticed Lodul
 14926 | D:14     | Killed Lodul
 15573 | D:15     | Entered Level 15 of the Dungeon
 16138 | D:15     | Found a staircase to the Depths.
 16757 | Orc:1    | Entered Level 1 of the Orcish Mines
 16831 | Orc:1    | You fall into a shaft and drop 1 floor!
 16831 | Orc:2    | Entered Level 2 of the Orcish Mines
 16843 | Orc:2    | Found a staircase to the Elven Halls.
 16938 | Orc:2    | Found Qoap's General Store.
 16948 | Orc:2    | Found Royleig's Book Boutique.
 16951 | Orc:2    | Found Hiociape's Antique Armour Shop.
 16979 | Orc:2    | Reached ****** piety under Trog
 17149 | Orc:2    | Found Xuohis's Weapon Boutique.
 17151 | Orc:2    | Bought a potion of heal wounds for 70 gold pieces
 17156 | Orc:2    | Bought a glimmering chain mail for 266 gold pieces
 17156 | Orc:2    | Identified the +3 chain mail "Donolu" {rElec rC- rCorr
                  | Dex+2} (You bought it in a shop on level 2 of the Orcish
                  | Mines)
 17430 | Orc:1    | Noticed Urug
 17445 | Orc:1    | Killed Urug
 17448 | Orc:1    | Gained mutation: You are frail. (-10% HP) [a neqoxec]
 17451 | Orc:1    | Gained mutation: Armour fits poorly on your strangely
                  | shaped body. [a neqoxec]
 17456 | Orc:1    | Received a gift from Trog
 17472 | Orc:1    | Reached XP level 15. HP: 96/125 MP: 12/14
 18488 | D:4      | Bought a dazzling ring mail for 180 gold pieces
 18488 | D:4      | Identified the +0 ring mail of Valiance {Harm +Blink
                  | Slay-4} (You bought it in a shop on level 4 of the Dungeon)
 18559 | D:2      | Bought the amulet "Zofao" {Regen+ Int+2} for 412 gold
                  | pieces
 18773 | Lair:1   | Entered Level 1 of the Lair of Beasts
 18790 | Lair:1   | Reached skill level 15 in Fighting
 18838 | Lair:1   | Found a gate leading to a gauntlet.
 18850 | Gauntlet | Entered a Gauntlet
 18850 | Gauntlet | Found a transporter.
 18850 | Gauntlet | Found a transporter.
 18858 | Gauntlet | Found a transporter.
 18862 | Gauntlet | Found a transporter.
 18866 | Gauntlet | Found a runed translucent door.
 18866 | Gauntlet | Found a runed translucent door.
 18870 | Gauntlet | Found a transporter.
 18874 | Gauntlet | Found a transporter.
 18878 | Gauntlet | Found a runed translucent door.
 18880 | Gauntlet | Found a runed translucent door.
 18882 | Gauntlet | Found a transporter.
 18895 | Gauntlet | Found a transporter.
 18913 | Gauntlet | Found a transporter.
 18917 | Gauntlet | Found a transporter.
 18925 | Gauntlet | Found a transporter.
 18929 | Gauntlet | Found a transporter.
 19118 | Gauntlet | Identified the +0 cloak "Nyrah" {rC- Str+3 Int+5}
 19201 | Gauntlet | Found the +3 robe of Clouds {*Thunder rCloud rElec}
 19201 | Gauntlet | Identified the +1 glaive "Potriunt" {venom, Str+2}
 19213 | Gauntlet | Identified the +5 shortbow "Sysy" {heavy, Dex+3}
 19223 | Gauntlet | Identified the staff of fire "Radghyum" {rPois rF+ rN+
                  | Dex+2}
 20317 | Lair:2   | Noticed Fannar
 20327 | Lair:2   | Killed Fannar
 20366 | Lair:2   | Noticed Maggie
 20376 | Lair:2   | Killed Maggie
 20426 | Lair:2   | Reached skill level 15 in Armour
 20554 | Lair:2   | Noticed Nergalle
 20560 | Lair:2   | Killed Nergalle
 20814 | Lair:2   | Found a staircase to the Shoals.
 20991 | Lair:3   | Received a gift from Trog
 21113 | Lair:3   | Identified the +0 spear "Urouniw" {elec, Will+}
 21139 | Lair:3   | Found a hole to the Spider Nest.
 21148 | Lair:3   | Found a runed translucent door.
 22183 | Lair:4   | Found a viscous altar of Jiyva.
 22183 | Lair:4   | Found a staircase to the Slime Pits.
 22474 | Lair:5   | Entered Level 5 of the Lair of Beasts
 23084 | Lair:5   | Reached XP level 16. HP: 135/135 MP: 15/15
 23195 | Lair:5   | Received a gift from Trog
 23487 | Lair:5   | Found a large runed translucent door.
 23557 | Lair:5   | Found a large runed translucent door.
 23831 | Shoals:1 | Entered Level 1 of the Shoals
 23831 | Shoals:1 | Noticed a kraken
 23838 | Shoals:1 | Killed a kraken
 24117 | Shoals:1 | Noticed a kraken
 24125 | Shoals:1 | Killed a kraken
 24126 | Shoals:1 | Reached skill level 15 in Dodging
 24440 | Shoals:1 | Received a gift from Trog
 25731 | Shoals:2 | Noticed Polyphemus
 26648 | Shoals:2 | Killed Polyphemus
 27196 | Shoals:3 | Found a runed translucent gate.
 27196 | Shoals:3 | Found a runed translucent gate.
 27196 | Shoals:3 | Found a runed translucent gate.
 27197 | Shoals:3 | Noticed Tang's ghost (adept TeAE)
 27211 | Shoals:3 | Killed Tang's ghost
 27212 | Shoals:3 | Reached XP level 17. HP: 144/144 MP: 13/16
 27216 | Shoals:3 | Received a gift from Trog
 27420 | Shoals:3 | Noticed Ilsuiw
 27456 | Shoals:3 | Killed Ilsuiw
 27669 | Shoals:3 | Found Vunnisha's Distillery.
 28180 | Shoals:3 | Bought a potion of curing for 39 gold pieces
 28180 | Shoals:3 | Bought a potion of mutation for 104 gold pieces
 28180 | Shoals:3 | Bought a potion of heal wounds for 65 gold pieces
 28180 | Shoals:3 | Bought a potion of curing for 39 gold pieces
 28462 | Shoals:4 | Entered Level 4 of the Shoals
 28925 | Shoals:4 | Received a gift from Trog
 29012 | Shoals:4 | Paralysed by an air elemental for 1 turns
 29087 | Shoals:4 | Identified the +6 whip of Drought {protect, +Blink SInv}
 29122 | Shoals:4 | Identified the +6 great sword "Bunu" {antimagic, Drain
                  | Str+6}
 29367 | Shoals:4 | Got a barnacled rune of Zot
 29505 | Shoals:4 | Identified the staff of fire "Baiseack" {rF+ Will+}
 29523 | Shoals:4 | Found the +3 Mad Mage's Maulers {Infuse+∞ VampMP -Cast}
 30586 | Spider:1 | Entered Level 1 of the Spider Nest
 30612 | Spider:1 | Noticed Azrael
 30740 | Spider:1 | Killed Azrael
 30838 | Spider:1 | Noticed Louise
 30850 | Spider:1 | Killed Louise
 31004 | Spider:1 | Found a runed translucent door.
 31005 | Spider:1 | Noticed Rupert
 31013 | Spider:1 | Killed Rupert
 31135 | Spider:1 | Noticed iishen's ghost (adept CeHu)
 31146 | Spider:1 | Killed iishen's ghost
 31688 | Spider:1 | Received a gift from Trog
 32079 | Spider:1 | Reached XP level 18. HP: 154/154 MP: 0/17
 32866 | Spider:2 | Noticed Mlioglotl
 32874 | Spider:2 | Noticed a bone dragon
 32879 | Spider:2 | Killed Mlioglotl
 33147 | Spider:2 | Identified the ring of the Clam {Will+ Str+4 SInv}
 33478 | Spider:2 | Identified the +2 trident of the Singing Dove {elec, Dex+8}
 33949 | Spider:3 | Received a gift from Trog
 34493 | Spider:3 | Identified a scroll of acquirement
 34494 | Spider:3 | Acquired 972 gold pieces
 34814 | Spider:4 | Entered Level 4 of the Spider Nest
 35599 | Spider:4 | Received a gift from Trog
 35905 | Spider:4 | Noticed Mara
 35919 | Spider:4 | Noticed kuniqs's illusion
 35920 | Spider:4 | Killed Mara
 36517 | Spider:4 | Got a gossamer rune of Zot
 36963 | Slime:1  | Entered Level 1 of the Pits of Slime
 37144 | Slime:5  | Entered Level 5 of the Pits of Slime
 37153 | Slime:5  | Received a gift from Trog
 37177 | Slime:4  | Reached XP level 19. HP: 141/164 MP: 4/18
 37385 | Slime:5  | Noticed the Royal Jelly
 37386 | Slime:5  | Found a viscous altar of Jiyva.
 37400 | Slime:5  | Killed the Royal Jelly
 37625 | Slime:5  | Identified the +10 demon trident "Hegetut" {drain, rPois
                  | Int-4 Dex+3 SInv}
 37656 | Slime:5  | Identified the +4 mace of Death's Door {freeze, rF- rC+
                  | Str+3}
 37670 | Slime:5  | Identified the amulet "Uteeddas" {RegenMP Str+4}
 37680 | Slime:5  | Identified the ring "Wawoid" {Fly rC- rCorr Int-4 Slay+4}
 37685 | Slime:5  | Identified the +2 battleaxe of Indomitability {holy, rPois
                  | rC+}
 37712 | Slime:5  | Got a slimy rune of Zot
 37979 | Depths:1 | Entered Level 1 of the Depths
 38265 | D:3      | Bought a potion of might for 48 gold pieces
 38265 | D:3      | Bought a scroll of magic mapping for 90 gold pieces
 38265 | D:3      | Bought 2 potions of mutation for 192 gold pieces
 38265 | D:3      | Bought a scroll of teleportation for 36 gold pieces
 38334 | D:1      | Bought 2 potions of heal wounds for 110 gold pieces
 38334 | D:1      | Bought a potion of cancellation for 88 gold pieces
 38334 | D:1      | Bought a potion of might for 44 gold pieces
 38334 | D:1      | Bought a potion of resistance for 110 gold pieces
 39224 | Depths:1 | Found a one-way gateway to a ziggurat.
 39244 | Depths:1 | Received a gift from Trog
 39572 | Depths:1 | Found a gateway to Hell.
 39857 | Depths:1 | Lost mutation: You are frail. (-10% HP) [potion of
                  | mutation]
 39857 | Depths:1 | Lost mutation: Armour fits poorly on your strangely shaped
                  | body. [potion of mutation]
 39857 | Depths:1 | Lost mutation: You are resistant to electric shocks.
                  | (rElec) [potion of mutation]
 39857 | Depths:1 | Gained mutation: You are mostly covered in iridescent
                  | scales. (AC +4) [potion of mutation]
 39857 | Depths:1 | Gained mutation: You are frail. (-10% HP) [potion of
                  | mutation]
 39857 | Depths:1 | Gained mutation: You are agile. (Dex +4, Str/Int -1)
                  | [potion of mutation]
 39858 | Depths:1 | Lost mutation: You are agile. (Dex +4, Str/Int -1) [potion
                  | of mutation]
 39858 | Depths:1 | Lost mutation: You are frail. (-10% HP) [potion of
                  | mutation]
 39858 | Depths:1 | Gained mutation: You have hidden genetic potential. [potion
                  | of mutation]
 40754 | Depths:2 | Received a gift from Trog
 40980 | Depths:2 | Reached XP level 20. HP: 188/195 MP: 2/19
 40980 | Depths:2 | Noticed a juggernaut
 40988 | Depths:2 | Killed a juggernaut
 41570 | Depths:2 | Noticed a golden dragon
 41579 | Depths:2 | Killed a golden dragon
 41775 | Depths:2 | Identified the ring of Royalty {rF+ rCorr Dex+5}
 41776 | Depths:2 | Found a one-way gate leading to the halls of Pandemonium.
 42322 | Depths:2 | Found a portal to a secret trove of treasure.
 42735 | Depths:3 | Found Xaseor's Book Shop.
 43320 | Depths:3 | Reached skill level 27 in Axes
 43327 | Depths:3 | Received a gift from Trog
 43446 | Depths:3 | Identified the ring of Enlossa {Ice rElec rN+}
 43446 | Depths:3 | Noticed Josephina
 43464 | Depths:3 | Killed Josephina
 44035 | Depths:3 | Found Jeenih's Armour Shoppe.
 44038 | Depths:3 | Found Mipriveipe's Antique Weapon Emporium.
 44038 | Depths:3 | Found Mokeclei's Antique Armour Shoppe.
 44043 | Depths:3 | Found Ohiykeirgh's Magic Scroll Emporium.
 44046 | Depths:3 | Bought a pair of pitted boots for 342 gold pieces
 44046 | Depths:3 | Identified the +0 pair of boots of Zealous Life {rElec
                  | rPois} (You bought it in a shop on level 3 of the Depths)
 44067 | Depths:3 | Bought a scroll of blinking for 120 gold pieces
 44067 | Depths:3 | Bought a scroll of teleportation for 48 gold pieces
 44067 | Depths:3 | Bought a scroll of fear for 64 gold pieces
 44073 | Depths:3 | Bought a faintly glowing war axe for 238 gold pieces
 44073 | Depths:3 | Identified the +8 war axe of Zin's Whim {venom, MP+9 Dex+6}
                  | (You bought it in a shop on level 3 of the Depths)
 44201 | Depths:3 | Found a one-way gate to the infinite horrors of the Abyss.
 44205 | Depths:3 | Noticed Parghit
 44213 | Depths:3 | Killed Parghit
 44631 | Depths:3 | Gained mutation: Your flesh is cold resistant. (rC+)
                  | [hidden potential]
 44759 | Depths:3 | Identified the staff of conjuration "Popnab" {rF+ MP+9}
 44849 | Depths:4 | Entered Level 4 of the Depths
 44953 | Depths:4 | Found a transporter.
 44983 | Depths:4 | Noticed a caustic shrike
 44984 | Depths:4 | Noticed a caustic shrike
 44984 | Depths:4 | Noticed a caustic shrike
 44984 | Depths:4 | Noticed a caustic shrike
 44988 | Depths:4 | Killed a caustic shrike
 44992 | Depths:4 | Killed a caustic shrike
 44995 | Depths:4 | Killed a caustic shrike
 45002 | Depths:4 | Killed a caustic shrike
 45096 | Depths:4 | Noticed a dread lich
 45096 | Depths:4 | Noticed an ancient lich
 45165 | Depths:4 | Found a transporter.
 45167 | Depths:4 | Noticed sefie's ghost (veteran GrDe)
 45168 | Depths:4 | Found a transporter.
 45280 | Depths:4 | Killed an ancient lich
 45281 | Depths:4 | Reached XP level 21. HP: 206/206 MP: 2/20
 45283 | Depths:4 | Killed a dread lich
 45295 | Depths:4 | Killed sefie's ghost
 45320 | Depths:4 | Identified the amulet "Daivoco" {Faith Int+5}
 45428 | Depths:4 | Found Xopojuso's Armour Shoppe.
 45464 | Depths:4 | Found Egygoat's Weapon Shoppe.
 45479 | Depths:4 | Received a gift from Trog
 45726 | Depths:4 | Found a gate to the Realm of Zot.
 46301 | Depths:4 | Found Sodux's Jewellery Boutique.
 46375 | Depths:4 | Found Acoc's Antique Armour Boutique.
 46418 | Depths:4 | Found a transporter.
 46534 | Depths:4 | Found Pycsum's Distillery.
 46545 | Depths:4 | Bought a potion of heal wounds for 100 gold pieces
 46545 | Depths:4 | Bought a potion of might for 80 gold pieces
 46545 | Depths:4 | Bought a potion of might for 80 gold pieces
 46545 | Depths:4 | Bought a potion of resistance for 200 gold pieces
 46545 | Depths:4 | Bought a potion of heal wounds for 100 gold pieces
 46590 | Zot:1    | Entered Level 1 of the Realm of Zot
 46590 | Zot:1    | Noticed an orb of fire
 46598 | Zot:1    | Killed an orb of fire
 47113 | Zot:1    | Gained mutation: You have a pair of large horns on your
                  | head. [hidden potential]
 47113 | Zot:1    | Lost mutation: You have hidden genetic potential. [hidden
                  | potential expressed]
 47122 | Zot:1    | Received a gift from Trog
 47125 | Zot:1    | Lost mutation: Your flesh is cold resistant. (rC+) [potion
                  | of mutation]
 47125 | Zot:1    | Lost mutation: You have a pair of large horns on your head.
                  | [potion of mutation]
 47125 | Zot:1    | Lost mutation: You are partially covered in large bone
                  | plates. (SH +4) [potion of mutation]
 47125 | Zot:1    | Gained mutation: You are completely covered in iridescent
                  | scales. (AC +6) [potion of mutation]
 47125 | Zot:1    | Gained mutation: You are frail. (-10% HP) [potion of
                  | mutation]
 47125 | Zot:1    | Gained mutation: You are agile. (Dex +4, Str/Int -1)
                  | [potion of mutation]
 47126 | Zot:1    | Lost mutation: You are completely covered in iridescent
                  | scales. (AC +6) [potion of mutation]
 47126 | Zot:1    | Lost mutation: You are mostly covered in iridescent scales.
                  | (AC +4) [potion of mutation]
 47126 | Zot:1    | Lost mutation: You are frail. (-10% HP) [potion of
                  | mutation]
 47126 | Zot:1    | Gained mutation: Your muscles are strong. (Str +4, Int/Dex
                  | -1) [potion of mutation]
 47126 | Zot:1    | Gained mutation: Your flesh is heat resistant. (rF+)
                  | [potion of mutation]
 47687 | Zot:2    | Found the +4 dragonskin cloak
 47687 | Zot:2    | Noticed Tiamat
 47711 | Zot:2    | Killed Tiamat
 48674 | Zot:2    | Reached XP level 22. HP: 222/222 MP: 4/21
 48980 | Zot:2    | Identified the +4 mace "Zaecuyma" {pain, Will+}
 49005 | Zot:2    | Noticed a golden dragon
 49010 | Zot:2    | Killed a golden dragon
 49319 | Zot:3    | Noticed a curse toe
 49319 | Zot:3    | Noticed a golden dragon
 49459 | Zot:3    | Received a gift from Trog
 49534 | Zot:3    | Killed a golden dragon
 49563 | Zot:3    | Killed a curse toe
 50257 | Zot:3    | Identified the +3 halberd of the Sandy God {venom, Fly
                  | Will- Int+8}
 50615 | Zot:4    | Received a gift from Trog
 51794 | Zot:4    | Noticed a golden dragon
 51798 | Zot:4    | Killed a golden dragon
 52414 | Zot:5    | Entered Level 5 of the Realm of Zot
 52492 | Zot:5    | Noticed a golden dragon
 52504 | Zot:5    | Killed a golden dragon
 52868 | Zot:5    | Reached XP level 23. HP: 236/236 MP: 2/22
 53064 | Zot:5    | Noticed a dread lich
 53067 | Zot:5    | Killed a dread lich
 53068 | Zot:5    | Noticed a dread lich
 53072 | Zot:5    | Killed a dread lich
 53075 | Zot:5    | Noticed an orb of fire
 53081 | Zot:5    | Killed an orb of fire
 53082 | Zot:5    | Noticed a dread lich
 53087 | Zot:5    | Killed a dread lich
 53087 | Zot:5    | Noticed an orb of fire
 53088 | Zot:5    | Gained mutation: You occasionally lose the ability to read
                  | scrolls when taking damage. [an orb of fire]
 53090 | Zot:5    | Gained mutation: You have hidden genetic defects. [an orb
                  | of fire]
 53095 | Zot:5    | Killed an orb of fire
 53095 | Zot:5    | Noticed a Killer Klown
 53099 | Zot:5    | Killed a Killer Klown
 53099 | Zot:5    | Received a gift from Trog
 53104 | Zot:5    | Noticed an orb of fire
 53110 | Zot:5    | Gained mutation: You are covered in fur. (AC +1) [an orb of
                  | fire]
 53111 | Zot:5    | Killed an orb of fire
 53111 | Zot:5    | Noticed an ancient lich
 53117 | Zot:5    | Killed an ancient lich
 53134 | Zot:5    | Noticed a Killer Klown
 53155 | Zot:5    | Killed a Killer Klown
 53165 | Zot:5    | Noticed an ancient lich
 53169 | Zot:5    | Killed an ancient lich
 53169 | Zot:5    | Noticed a Killer Klown
 53176 | Zot:5    | Killed a Killer Klown
 53176 | Zot:5    | Noticed an orb of fire
 53177 | Zot:5    | Gained mutation: Your system is resistant to poisons.
                  | (rPois) [an orb of fire]
 53180 | Zot:5    | Gained mutation: You occasionally shout uncontrollably at
                  | your foes. [an orb of fire]
 53182 | Zot:5    | Gained mutation: Your magical capacity is low. (-10% MP)
                  | [an orb of fire]
 53182 | Zot:5    | Gained mutation: Your spells are a little easier to cast,
                  | but a little less powerful. [an orb of fire]
 53183 | Zot:5    | Killed an orb of fire
 53190 | Zot:5    | Gained mutation: You have terrible hidden genetic defects.
                  | [hidden defects]
 53302 | Zot:5    | Noticed a dread lich
 53306 | Zot:5    | Killed a dread lich
 53307 | Zot:5    | Reached skill level 27 in Fighting
 53608 | Zot:5    | Acquired the amulet "Tifick" {Regen+ Str+6 Slay-2 SInv}
 53648 | Zot:5    | Noticed a dread lich
 53656 | Zot:5    | Noticed a curse toe
 53659 | Zot:5    | Killed a dread lich
 53664 | Zot:5    | Killed a curse toe
 53781 | Zot:5    | Identified the +0 robe of Eternity {rN+ Str+3 Archmagi}
 53853 | Zot:5    | Gained mutation: Armour fits poorly on your strangely
                  | shaped body. [hidden defects]
 53853 | Zot:5    | Lost mutation: You have terrible hidden genetic defects.
                  | [hidden defects expressed]
 53863 | Zot:5    | Lost mutation: Your magical capacity is low. (-10% MP)
                  | [potion of mutation]
 53863 | Zot:5    | Lost mutation: Your spells are a little easier to cast, but
                  | a little less powerful. [potion of mutation]
 53863 | Zot:5    | Lost mutation: You are partially covered in iridescent
                  | scales. (AC +2) [potion of mutation]
 53863 | Zot:5    | Lost mutation: You are covered in fur. (AC +1) [potion of
                  | mutation]
 53863 | Zot:5    | Gained mutation: You are strong-willed. (Will+) [potion of
                  | mutation]
 53864 | Zot:5    | Lost mutation: You occasionally shout uncontrollably at
                  | your foes. [potion of mutation]
 53864 | Zot:5    | Lost mutation: Your flesh is heat resistant. (rF+) [potion
                  | of mutation]
 53864 | Zot:5    | Gained mutation: You sometimes lose your temper in combat.
                  | [potion of mutation]
 53864 | Zot:5    | Gained mutation: You are frail. (-10% HP) [potion of
                  | mutation]
 53864 | Zot:5    | Gained mutation: You are partially covered in iridescent
                  | scales. (AC +2) [potion of mutation]
 53865 | Zot:5    | Lost mutation: Armour fits poorly on your strangely shaped
                  | body. [potion of mutation]
 53865 | Zot:5    | Lost mutation: You are partially covered in iridescent
                  | scales. (AC +2) [potion of mutation]
 53865 | Zot:5    | Lost mutation: You are frail. (-10% HP) [potion of
                  | mutation]
 53865 | Zot:5    | Gained mutation: Your skin changes colour to match your
                  | surroundings (Stealth+). [potion of mutation]
 53866 | Zot:5    | Lost mutation: Your muscles are strong. (Str +4, Int/Dex
                  | -1) [potion of mutation]
 53866 | Zot:5    | Lost mutation: You have hidden genetic defects. [potion of
                  | mutation]
 53866 | Zot:5    | Gained mutation: You are partially covered in iridescent
                  | scales. (AC +2) [potion of mutation]
 53868 | Zot:5    | Got the Orb of Zot
 54301 | D:4      | Noticed Uqoqux the pandemonium lord
 54307 | D:4      | Killed Uqoqux the pandemonium lord
 54524 | D:$      | Escaped with the Orb!

Illustrated notes

Levels and vault maps discovered:
D:1:      dpeg_arrival_arbitrary_a, layout_basic, serial_shops,
          nicolae_shop_waterfront
D:2:      layout_loops_ring, basic_altar, serial_shops, nicolae_square_shop,
          uniq_sigmund
D:3:      layout_loops_ring, mainiacjoe_overflow_six_doors_small, serial_shops,
          nicolae_shop_window_shopping, chequers_arboretum,
          uniq_crazy_yiuf_cottage, uniq_jessica
D:4:      layout_loops_ring, serial_shops, nicolae_shop_hallway_plus
D:5:      layout_loops_corners, grunt_temple_overflow_open,
          mainiacjoe_overflow_brackets, temple_fountains,
          amcnicky_mini_rare_corridor_liquid, uniq_edmund
D:6:      layout_basic, elyvilon_altar_1, nemelex_spade_bored_becter,
          marbit_many_paths
D:7:      layout_cave_pods, enter_bailey_5, minmay_the_grid_2x2
          [minmay_the_grid_mess, minmay_the_grid_spin_star,
          minmay_the_grid_all_tris, minmay_the_grid_prize_inner_circle]
D:8:      layout_basic
D:9:      minmay_imperfect_grid, layout_irregular_city,
          kennysheep_pointless_box, grunt_ministairs_5
D:10:     statuecave_lemuel, layout_loops_ring,
          mainiacjoe_overflow_small_starburst, minmay_lair_entry_grove,
          gammafunk_ghost_cemetery, dk_vineyard_2, kennysheep_island_fort,
          uniq_maurice
D:11:     layout_irregular_city, fedhas_altar_3
D:12:     layout_basic, orc_0_dummy
D:13:     layout_irregular_city, erik_vaults_1, gammafunk_ghost_ooze
D:14:     layout_loops_ring, nicolae_hexahallways, uniq_agnes, uniq_lodul
D:15:     hangedman_depths_entry_civil_slaughter, layout_stronghold
Lair:1:   layout_cave_pods, gauntlet_entry_generic, grunt_megastairs_4
Lair:2:   layout_loops_ring, elwin_shoals_entry_rooms, serial_bayou_crossing,
          grunt_megastairs_2, uniq_fannar, uniq_maggie, uniq_nergalle
Lair:3:   dreamdust_labyrinth, layout_long_grid,
          nicolae_spider_entry_lesser_pyramids, dpeg_oklob_1,
          lemuel_fruit_fields
Lair:4:   layout_gridlike, dpeg_slime_entry_enclosed,
          cheibrodos_lair_reptile_den
Lair:5:   cheibrodos_lair_end_hotspot, layout_loops_ring, st_stairs_7,
          nicolae_lair_liquid_snakes
Shoals:1: nicolae_shoals_lighthouse, layout_shoals
Shoals:2: layout_shoals, uniq_polyphemus
Shoals:3: layout_shoals, serial_shops, shop, gammafunk_ghost_necromancy,
          nicolae_shoals_siren_and_animal_friends, uniq_ilsuiw
Shoals:4: shoals_end_hellmonk_storm_palace [storm_palace_center_circular,
          storm_palace_corner_reverse_hut, storm_palace_corner_narrow,
          storm_palace_corner_narrow, storm_palace_corner_grid]
Spider:1: layout_chambers, ebering_ghost_reflecting_pool, uniq_rupert,
          uniq_azrael, uniq_louise
Spider:2: layout_spider_delve, nicolae_spider_rock_and_or_roll, uniq_mlioglotl
Spider:3: layout_spider_delve, guppyfry_hornet_nest
Spider:4: guppyfry_spider_rune, drop_trap, hellmonk_narrow_tunnel, uniq_mara
Slime:1:  layout_caves
Slime:2:  layout_caves
Slime:3:  layout_caves
Slime:4:  layout_caves, nicolae_slime_barrier
Slime:5
Orc:1:    layout_caves, uniq_urug
Orc:2:    st_orc_open, layout_diamond_mine, mines_bat_river
Depths:1: layout_cave_pools, enter_ziggurat_f, hell_entry, serial_bayou_pond_d,
          hangedman_abyss_or_decor_passed, minmay_misc_feat_ornament,
          minmay_shattered_shrine
Depths:2: nicolae_legendary_halls, layout_cave_pools, enter_trove_1,
          pf_hell_entry_great_geh, rand_demon_pan_entry_3
Depths:3: dreamdust_tengu_aerie, layout_cave_pools, hell_entry, abyss_entry,
          chequers_serial_rivers_micro_c, serial_shops,
          nicolae_shop_competitors_out_of_business, minmay_shoptagon,
          uniq_josephina, uniq_parghit
Depths:4: grunt_crosshair, layout_gridlike, gammafunk_ghost_mausoleum,
          serial_bayou_pond_c, serial_shops, shop, nicolae_shop_drivethru,
          nicolae_shop_tiny_glass, nicolae_shop_temple_entry_statues_fountains,
          shop, grunt_hell_horde, abyss_entry, hangedman_abyss_or_decor_clamps,
          minmay_tree_intersection
Zot:1:    layout_cellular_growth, st_single_dragon_hoard_2, grunt_ministairs_10
Zot:2:    layout_basic, st_single_dragon_hoard_1, grunt_megastairs_1,
          uniq_tiamat
Zot:3:    layout_misc_corridors, evilmike_ambush [evilmike_ambush_outer_basic,
          evilmike_ambush_inner_basic]
Zot:4:    layout_twisted_circle, skrybe_zot_glass_2
Zot:5:    layout_concentric_octagons

Skill      XL: |  1  2  3  4  5  6  7  8  9 10 11 12 13 14 15 16 17 18 19 20 21 22 23 |
---------------+----------------------------------------------------------------------+-----
Axes           | 4 5 6 8 10 13 14 15 17 18 20 21 23 24 25 26 27 | 27.0
Fighting       | 4 5 6 7 9 10 11 12 13 14 16 17 18 19 20 21 23 25 27 | 27.0
Armour         | 3 4 5 6 9 10 11 12 13 14 15 16 18 19 20 21 22 23 25 | 25.0
Dodging        | 3 4 5 6 8 9 10 11 12 13 14 15 16 17 18 20 21 22 23 | 23.2

Action                     |  1- 3 |  4- 6 |  7- 9 | 10-12 | 13-15 | 16-18 | 19-21 | 22-24 || total
---------------------------+-------+-------+-------+-------+-------+-------+-------+-------++-------
  Melee: Hand axe          |    43 |    97 |       |       |       |       |       |       ||   140
         Headbutt          |     8 |    18 |    37 |    53 |   139 |   239 |   196 |   158 ||   848
         War axe           |       |    14 |   152 |    75 |       |       |       |       ||   241
         Battleaxe         |       |       |       |   210 |    90 |       |       |       ||   300
         Executioner's axe |       |       |       |       |   633 |  1097 |   745 |   501 ||  2976
 Invoke: Berserk           |     1 |     1 |     2 |     2 |       |       |     2 |       ||     8
         Brothers in Arms  |       |       |       |       |     1 |     1 |     4 |     2 ||     8
         Trog's Hand       |       |       |       |       |     1 |     1 |     1 |     5 ||     8
  Evoke: Wand              |       |       |     5 |    10 |       |    10 |     3 |     4 ||    32
    Use: Scroll            |       |       |     6 |     5 |     9 |     5 |    14 |    10 ||    49
         Potion            |       |       |     4 |     9 |     3 |     7 |     6 |    14 ||    43
   Stab: Distracted        |       |       |       |     1 |       |       |     2 |     1 ||     4
         Invisible         |       |       |       |       |    14 |       |       |       ||    14
         Petrified         |       |       |       |       |     1 |       |       |       ||     1
         Paralysed         |       |       |       |       |       |       |     1 |       ||     1
 Armour: Ring mail         |    22 |    30 |       |       |       |       |       |       ||    52
         Chain mail        |       |    12 |    92 |    86 |   127 |       |       |       ||   317
         Skin              |       |       |       |     2 |       |       |       |       ||     2
         Fire dragon scale |       |       |       |       |    66 |   291 |   115 |       ||   472
         Gold dragon scale |       |       |       |       |       |       |   224 |   295 ||   519
  Dodge: Dodged            |    22 |    84 |    99 |   113 |   544 |   955 |   545 |   509 ||  2871
  Block: Other             |       |       |       |    17 |   142 |   459 |   140 |       ||   758
         Orb               |       |       |       |     2 |       |       |       |       ||     2
         Reflection        |       |       |       |       |       |    27 |     7 |       ||    34
